 Dungeon Crawl Stone Soup version 0.28.0-43-g3370ac3207 (webtiles) character file.

Game seed: 3877351900140731960

744 pkoi the Insei (level 7, 0/57 HPs)
             Began as a Demigod Gladiator on Mar 31, 2022.
             Slain by a killer bee zombie (5 damage)
             ... on level 5 of the Dungeon.
             The game lasted 00:05:19 (5323 turns).

pkoi the Insei (Demigod Gladiator)                  Turns: 5323, Time: 00:05:19

Health: 0/57       AC:  5    Str: 19    XL:     7   Next: 23%
Magic:  9/9        EV: 13    Int: 10    God:
Gold:   184        SH:  0    Dex: 19    Spells: 6/6 levels left

rFire   . . .      SeeInvis .     - Unarmed
rCold   . . .      Faith    .   (no shield)
rNeg    . . .      Spirit   .   a - +0 leather armour
rPois   +          Reflect  .   b - +0 helmet
rElec   .          Harm     .   (no cloak)
rCorr   .          Rampage  .   m - +0 pair of gloves
Will    .....                   (no boots)
Stlth   +.........              (no amulet)
HPRegen 0.19/turn               f - ring of poison resistance
MPRegen 0.11/turn               (no ring)

@: mighty
A: high MP 1, forlorn, divine attributes
a: no special abilities


You were on level 5 of the Dungeon.
You visited 2 branches of the dungeon, and saw 6 of its levels.

You collected 184 gold pieces.

Inventory:

Hand Weapons
 d - a +0 dagger
 p - a +0 dagger of venom
 s - a +1 shortbow of freezing
Missiles
 c - 3 throwing nets (quivered)
 n - 17 poisoned darts
 t - 15 arrows
Armour
 a - a +0 leather armour (worn)
 b - a +0 helmet (worn)
 m - a +0 pair of gloves (worn)
Jewellery
 f - a ring of poison resistance (left hand)
Wands
 k - a wand of polymorph (3)
Scrolls
 i - a scroll of magic mapping {unknown}
 o - 2 scrolls of amnesia
Potions
 e - a potion of curing
 h - a potion of resistance
 j - 3 potions of brilliance {unknown}
 l - a potion of lignification
 q - 2 potions of invisibility {unknown}
 r - a potion of mutation {unknown}
 u - a potion of haste {unknown}


   Skills:
 + Level 3.3 Fighting
 - Level 1.7 Throwing
 + Level 3.3 Dodging
 * Level 6.5 Unarmed Combat
 + Level 2.9 Evocations


You had 6 spell levels left.
You didn't know any spells.
Your spell library contained the following spells:

 Spells                   Type           Power      Damage    Failure   Level
 Animate Skeleton         Necr           0%         N/A       41%         1
 Pain                     Necr           0%         1d4       41%         1
 Portal Projectile        Hex/Tloc       0%         N/A       80%         3
 Vampiric Draining        Necr           0%         2d6       80%         3
 Blade Hands              Tmut           0%         N/A       100%        5
 Excruciating Wounds      Necr           0%         N/A       100%        5
 Summon Forest            Summ/Tloc      0%         N/A       100%        5
 Eringya's Noxious Bog    Tmut/Pois      0%         N/A       100%        6
 Summon Hydra             Summ           0%         N/A       100%        7


Dungeon Overview and Level Annotations

Branches:
Dungeon (5/15)             Temple (1/1) D:4

Annotations:
D:2 1 runed translucent door, Crazy Yiuf
D:5 Sigmund


Innate Abilities, Weirdness & Mutations

You have an increased reservoir of magic. (+10% MP)
You shall have no god before yourself.
Your divine heritage dramatically boosts your attributes as you level up.


Message History

Unknown command.
You punch the killer bee zombie!
The killer bee zombie is almost destroyed.
The killer bee zombie completely misses you.
Something hits you.
* * * LOW HITPOINT WARNING * * *
The killer bee zombie closely misses you.
Unknown command.
You hit the killer bee zombie but do no damage.
The killer bee zombie is almost destroyed.
The killer bee zombie completely misses you.
The killer bee zombie hits you but does no damage.
Unknown command.
You closely miss the killer bee zombie.
The killer bee zombie is almost destroyed.
Something hits you!
* * * LOW HITPOINT WARNING * * *
The killer bee zombie closely misses you.
Unknown command.
You closely miss the killer bee zombie.
Your punch misses the killer bee zombie.
The killer bee zombie is almost destroyed.
The killer bee zombie misses you.
The killer bee zombie hits you but does no damage.
Something hits you!
* * * LOW HITPOINT WARNING * * *
You hit the killer bee zombie but do no damage.
The killer bee zombie is almost destroyed.
The killer bee zombie barely misses you.
The killer bee zombie hits you.
* * * LOW HITPOINT WARNING * * *
Unknown command.
It was a potion of curing.
You feel better. The killer bee zombie hits you.
* * * LOW HITPOINT WARNING * * *
Something hits you!
* * * LOW HITPOINT WARNING * * *
It was a potion of might.
You feel very mighty all of a sudden. The killer bee zombie misses you.
The killer bee zombie hits you.
You die...

.....#
#.{.........# #
.....#
#...........#.#
.....#
#.............#
.....#
#...........#
.....#
#...........#
###### #'# #
#{# #########
#Z# ........#
#@# #######.#
#.#
#.########.#
#..........#
############


You could see a killer bee zombie.

Vanquished Creatures
  An ice beast (D:5)
  A centaur (D:4)
  Blork the orc (D:4)
  A hound (D:4)
  2 bullfrog skeletons
  3 orc priests
  Jessica (D:2)
  2 iguanas (D:5)
  Natasha (thrice) (D:2)
  An orc wizard (D:4)
  A hound skeleton (D:4)
  Robin (D:2)
  3 adders
  3 worms
  10 orcs
  6 bats
  5 endoplasms
  5 giant cockroaches
  15 goblins
  7 hobgoblins
  2 jackals (D:4)
  6 quokkas
  7 ball pythons
  4 frilled lizards
  11 kobolds
  6 rats
108 creatures vanquished.

Notes
Turn   | Place    | Note
-------+----------+-------------------------------------------
     0 | D:1      | pkoi the Demigod Gladiator began the quest for the Orb.
     0 | D:1      | Reached XP level 1. HP: 17/17 MP: 3/3
   215 | D:1      | Reached skill level 3 in Unarmed Combat
   363 | D:1      | Reached XP level 2. HP: 15/24 MP: 4/4
   996 | D:1      | You fall into a shaft and drop 1 floor!
   997 | D:2      | Noticed Jessica
  1029 | D:2      | Killed Jessica
  1030 | D:2      | Reached XP level 3. HP: 20/30 MP: 5/5
  1139 | D:2      | Noticed Natasha
  1151 | D:2      | Killed Natasha
  1216 | D:2      | Noticed Natasha
  1224 | D:2      | Killed Natasha
  1225 | D:2      | Reached skill level 4 in Unarmed Combat
  1225 | D:2      | Reached XP level 4. HP: 37/37 MP: 6/6
  1326 | D:2      | Noticed Robin
  1341 | D:2      | Killed Robin
  1364 | D:2      | Noticed Natasha
  1380 | D:2      | Killed Natasha
  1939 | D:2      | Found a runed translucent door.
  1940 | D:2      | Noticed Crazy Yiuf
  2404 | D:3      | Reached XP level 5. HP: 43/45 MP: 7/7
  2938 | D:3      | Reached skill level 1 in Evocations
  3409 | D:4      | Reached skill level 5 in Unarmed Combat
  3447 | D:4      | Noticed a centaur
  3460 | D:4      | Killed a centaur
  3547 | D:4      | Reached XP level 6. HP: 44/51 MP: 8/8
  3953 | D:4      | Found a staircase to the Ecumenical Temple.
  4056 | Temple   | Entered the Ecumenical Temple
  4201 | D:4      | Noticed Blork the orc
  4218 | D:4      | Killed Blork the orc
  4219 | D:4      | Reached skill level 6 in Unarmed Combat
  4749 | D:5      | Entered Level 5 of the Dungeon
  5001 | D:5      | Reached XP level 7. HP: 8/57 MP: 9/9
  5301 | D:5      | Noticed Sigmund
  5323 | D:5      | Slain by a killer bee zombie

Illustrated notes

Levels and vault maps discovered:
D:1:      co_arrival_square_in_a_square_in_a_square, layout_basic,
          chequers_ecumenical_altar_grove, minmay_unequal
D:2:      layout_loops_ring, uniq_crazy_yiuf_cottage, uniq_natasha,
          uniq_jessica, uniq_robin
D:3:      layout_basic, grunt_temple_overflow_open,
          nicolae_concentric_dashed_squares_mild
D:4:      layout_basic, minmay_temple_entry_poolview, uniq_blork_the_orc
D:5:      layout_basic, nicolae_ru_path_of_blood,
          nicolae_overflow_crystal_walls, kennysheep_generic_room_4,
          uniq_sigmund
Temple:   compressed_dpeg_circular_temple

Skill      XL: |  1  2  3  4  5  6 |
---------------+-------------------+-----
Fighting       | 2 3 |  3.3
Unarmed Combat | 3 4 5 6 |  6.5
Dodging        | 3 |  3.3
Evocations     | 1 2 |  2.9
Throwing       | |  1.7

Action                   |  1- 3 |  4- 6 |  7- 9 || total
-------------------------+-------+-------+-------++-------
Melee: Unarmed           |   104 |   276 |    32 ||   412
       Punch             |     3 |    11 |       ||    14
 Fire: Shortbow          |       |     8 |       ||     8
  Use: Scroll            |       |     7 |       ||     7
       Potion            |       |       |     3 ||     3
 Stab: Sleeping          |     1 |     1 |       ||     2
Armor: Leather armour    |    30 |    76 |     9 ||   115
       Skin              |       |     2 |       ||     2
Dodge: Dodged            |    84 |   153 |    26 ||   263
